 Dungeon Crawl Stone Soup version 0.21.1-1-g345015f (webtiles) character file.

104865 wojtek the Severer (level 15, -3/134 HPs)
             Began as a Minotaur Fighter on July 18, 2018.
             Was a High Priest of Makhleb.
             Killed from afar by a merfolk aquamancer (29 damage)
             ... with a ball of steam
             ... on level 1 of the Shoals.
             The game lasted 01:02:34 (26359 turns).

wojtek the Severer (Minotaur Fighter)              Turns: 26359, Time: 01:02:34

Health: -3/134     AC: 21    Str: 39    XL:     15   Next: 93%
Magic:  23/23      EV: 10    Int:  5    God:    Makhleb [*****.]
Gold:   2398       SH: 20    Dex:  9    Spells: 10/14 levels left

rFire    . . .     SeeInvis +   a - +2 broad axe (venom)
rCold    . . .     Gourm    .   c - +0 large shield
rNeg     . . .     Faith    .   L - +0 plate armour
rPois    .         Spirit   .   S - +0 hat {SInv}
rElec    .         Reflect  .   T - +2 cloak
rCorr    .         Harm     .   v - +0 pair of gloves
MR       +....                  U - +0 pair of boots
Stlth    ..........             Q - amulet of regeneration
HPRegen  0.72/turn              C - +5 ring of strength
MPRegen  0.18/turn              p - +6 ring of strength

@: very slightly contaminated, heavily drained
A: retaliatory headbutt, horns 2
a: Minor Destruction, Lesser Servant of Makhleb, Major Destruction, Greater
Servant of Makhleb, Renounce Religion


You were on level 1 of the Shoals.
You worshipped Makhleb.
Makhleb was extremely pleased with you.
You were not hungry.

You visited 5 branches of the dungeon, and saw 25 of its levels.
You also visited: Labyrinth.

You collected 2487 gold pieces.
You spent 89 gold pieces at shops.

Inventory:

Hand Weapons
 a - a +2 broad axe of venom (weapon)
 i - the +4 dagger "Morg" {pain, MR+ Int+5}
   (You took it off a minotaur in a labyrinth)

   In the hands of one skilled in necromantic magic, it inflicts extra damage on
   living creatures.
   It affects your intelligence (+5).
   It affects your resistance to hostile enchantments.
Missiles
 P - a throwing net (quivered)
Armour
 b - a +1 ring mail of fire resistance
 c - a +0 large shield (worn)
 v - a +0 pair of gloves (worn)
 L - a +0 plate armour (worn)
 S - a +0 hat of see invisible (worn)
 T - a +2 cloak (worn)
 U - a +0 pair of boots (worn)
Jewellery
 p - a +6 ring of strength (right hand)
 r - a +4 ring of intelligence
 C - a +5 ring of strength (left hand)
 E - an uncursed ring of ice
 I - an uncursed ring of flight
 Q - an amulet of regeneration (around neck)
 R - the ring of Amul {+Inv Str+3 Int-4 Dex-4 SInv}
   (You found it on level 12 of the Dungeon)

   [ring of strength]

   It affects your strength (+3).
   It affects your intelligence (-4).
   It affects your dexterity (-4).
   It lets you see invisible.
   It lets you turn invisible.
Wands
 g - a wand of iceblast (13)
 k - a wand of enslavement (50)
 s - a wand of random effects (32)
 y - a wand of digging (6)
 G - a wand of scattershot (9)
 J - a wand of disintegration (4)
 K - a wand of flame (31)
 M - a wand of paralysis (11)
 X - a wand of polymorph (19)
Scrolls
 e - 2 scrolls of blinking
 h - 10 scrolls of teleportation
 j - 5 scrolls of fog
 m - 15 scrolls of remove curse
 u - 5 scrolls of magic mapping
 A - 2 scrolls of silence
 N - 2 scrolls of fear
 Y - a scroll of identify
Potions
 d - 6 potions of might
 l - a potion of flight
 n - a potion of magic
 o - 3 potions of heal wounds
 q - 3 potions of curing
 t - 3 potions of resistance
 w - 3 potions of cancellation
 x - 3 potions of ambrosia
 z - 2 potions of haste
 B - 3 potions of agility
 D - a potion of brilliance
 H - a potion of berserk rage
 W - a potion of lignification
Comestibles
 f - 32 rations


   Skills:
 + Level 12.5(11.0) Fighting
 * Level 15.5(13.9) Axes
 + Level 12.5(11.0) Armour
 + Level 11.2(9.8) Dodging
 - Level 10.6(9.2) Shields
 * Level 13.0(11.5) Invocations
 * Level 10.2(8.8) Evocations


You had 10 spell levels left.
You knew the following spells:

 Your Spells              Type           Power        Failure   Level  Hunger
a - Apportation           Tloc           #.....       100%        1    ##.....
b - Passwall              Tmut/Erth      #.........   100%        2    ###....
c - Summon Butterflies    Summ           #.......     100%        1    ##.....


Dungeon Overview and Level Annotations

Branches:
Dungeon (15/15)            Temple (1/1) D:6            Lair (6/6) D:10
 Shoals (1/4) Lair:4       Spider (0/4) Lair:3        Slime (0/5) Lair:6
    Orc (2/2) D:12            Elf (0/3) Orc:2        Vaults (0/5) D:14
 Depths (0/5) D:15

Altars:
Ashenzari
Cheibriados
Dithmenos
Elyvilon
Fedhas
Gozag
Hepliaklqana
Kikubaaqudgha
Makhleb
Nemelex Xobeh
Okawaru
Qazlal
Ru
Sif Muna
Trog
Uskayaw
Vehumet
Wu Jian
Xom
Yredelemnul
Zin
The Shining One
Jiyva

Shops:
D:8 *   Orc:2 *?}*

Portals:
Trove: D:14 (give horn of Geryon)

Annotations:
D:4 ogre
Lair:2 exclusion: oklob plant


Innate Abilities, Weirdness & Mutations

You reflexively headbutt those who attack you in melee.
You have a pair of horns on your head.


Message History

The merfolk hits you from afar with an enchanted trident!
* * * LOW HITPOINT WARNING * * *
The merfolk aquamancer completely misses you.
You furiously retaliate!
You headbutt the merfolk aquamancer!
Unknown command.
You feel much better. The merfolk barely misses you.
You block the merfolk aquamancer's attack.
Unknown command.
You block the snapping turtle's attack.
The merfolk hits you but does no damage.
You slash the merfolk!
The merfolk is poisoned.
The merfolk is moderately wounded.
The merfolk aquamancer gestures at you while chanting.
The shard of ice hits you!
* * * LOW HITPOINT WARNING * * *
The snapping turtle bites you but does no damage.
You block the merfolk's attack.
The merfolk aquamancer gestures at you while chanting.
The ball of steam hits you!
You die...

≈≈..≈..........###..≈≈≈≈≈
≈≈.....#.......#....≈≈≈≈≈
≈≈≈≈≈≈.(##.......#.#..≈≈≈≈≈
≈≈≈≈≈≈≈≈≈≈≈≈..##......^).##..≈≈≈≈
≈≈≈≈≈≈≈≈≈......#......)..###.≈≈≈≈
≈≈≈≈≈≈≈≈≈≈.≈≈..#.......(..#...≈≈≈
≈≈≈≈≈≈≈≈≈≈≈≈≈..#.......(..##..≈≈≈
≈≈≈≈≈≈≈≈≈≈≈≈≈..#........≈≈≈###.≈≈
≈≈≈≈≈≈≈≈≈≈≈≈≈.##@......≈≈≈≈≈####≈
≈≈≈≈≈......≈≈.##§.....≈≈≈≈≈≈≈≈≈≈≈
≈≈≈...........≈)mm..≈≈≈≈≈≈≈≈≈≈≈≈.
≈≈###.###.....≈≈t>..≈≈≈≈≈≈≈≈≈≈≈≈≈
≈.##### ##......≈≈≈≈≈≈≈≈≈≈≈≈≈≈≈≈≈
....## ##.....≈≈≈≈≈≈≈≈≈≈≈≈≈≈≈≈.
#.≈PP# #.[..≈≈≈≈≈≈≈≈≈≈≈≈≈≈≈≈≈.
#.≈≈P# #..≈≈≈≈≈≈≈≈≈≈≈≈≈≈≈≈≈≈≈.
##≈≈PP## #.≈≈≈≈≈≈≈≈≈≈≈≈≈≈≈≈≈..≈≈


You could see a merfolk aquamancer, a snapping turtle and a merfolk.

Vanquished Creatures
  Rupert (Lair:4)
  Gastronok (D:8)
  The ghost of Ethylacetat the Cleaver, a journeyman NaGl of Cheibriados (D:13)
  The ghost of Shutra the Blocker, a journeyman MiHu of Okawaru (Orc:2)
  2 merfolk impalers (Shoals:1)
  Erolcha (Orc:1)
  A minotaur (Lab)
  A vault guard (D:14)
  An anaconda (Lair:5)
  3 hydras
  3 catoblepae (Lair:6)
  3 centaur warriors
  The ghost of Kuinu the Cleaver, a novice MiFi of the Shining One (D:10)
  4 merfolk aquamancers (Shoals:1)
  16 two-headed ogres
  2 ogre magi (Orc:2)
  A tengu warrior (D:14)
  8 death yaks (Lair:6)
  4 sea snakes (Shoals:1)
  5 skeletal warriors
  A wizard (D:14)
  A deep troll (Orc:2)
  The ghost of Ethylacetat the Firebug, a novice NaFE (D:6)
  19 ugly things
  A deep elf mage (D:13)
  6 fauns (Shoals:1)
  2 orc sorcerers
  6 cyclopes
  3 manticores
  5 elephants
  2 black mambas
  3 merfolk sirens (Shoals:1)
  A centaur zombie (D:14)
  8 spiny frogs
  A redback zombie (D:15)
  2 freezing wraiths (D:14)
  2 kobold demonologists
  4 komodo dragons
  3 tengu conjurers
  5 merfolk (Shoals:1)
  A meliai (D:14)
  A polar bear (Lair:5)
  10 trolls
  10 slime creatures
  3 hornets
  15 hippogriffs
  10 blink frogs
  A redback (Lair:3)
  A shadow (D:12)
  A vampire (D:15)
  3 water elementals (Shoals:1)
  34 yaks
  6 wyverns
  A hungry ghost (D:10)
  A basilisk (Lair:6)
  4 vampire mosquitoes
  8 wargs
  9 water moccasins
  8 porcupines
  An ice beast (D:12)
  3 phantoms
  17 orc warriors
  An eye of draining (shapeshifter) (D:13)
  4 sky beasts
  A hornet zombie (D:14)
  4 black bears
  An eye of draining (D:11)
  9 wolves
  23 ogres
  25 centaurs
  9 crocodiles
  3 big kobolds
  13 bullfrogs
  The ghost of Bnni the Cutter, an amateur SpGl (D:3)
  2 wyvern skeletons
  4 scorpions
  9 killer bees
  An electric eel (Lair:3)
  8 wights
  4 howler monkeys
  9 crimson imps
  2 bullfrog zombies
  3 jellies
  5 hounds
  14 orc priests
  4 bullfrog skeletons
  5 centaur skeletons
  Jessica (D:2)
  An iguana (D:4)
  24 orc wizards
  6 worker ants
  5 hell rats
  2 hound skeletons
  A howler monkey zombie (D:6)
  14 adders
  7 river rats
  7 shadow imps
  4 oozes
  2 adder skeletons
  A worm (D:6)
  A dart slug (D:2)
  3 leopard geckos
  60 orcs
  2 ball pythons
  10 bats
  2 giant cockroaches
  10 goblins
  10 hobgoblins
  10 jackals
  7 quokkas
  7 frilled lizards
  26 kobolds
  A leopard gecko zombie (D:7)
  A quokka zombie (D:8)
  13 rats
  A fungus (Lair:5)
  A plant (Lair:5)
688 creatures vanquished.

Vanquished Creatures (collateral kills)
  A death knight (D:14)
  8 hydras
  A centaur warrior (D:15)
  An iron troll (Orc:2)
  A cyclops (D:15)
  3 ugly things (D:15)
  A black mamba (Lair:3)
  A spiny frog (Lair:6)
  A centaur skeleton (D:14)
  A komodo dragon (Lair:1)
  2 trolls (Orc:2)
  2 meliai (D:14)
  A hippogriff (Lair:3)
  2 yaks
  A vampire mosquito (D:15)
  3 porcupines
  A water moccasin (Lair:2)
  A crocodile (Lair:2)
  A bullfrog (Lair:2)
  An orc wizard (Orc:2)
  A hell rat (Lair:6)
  5 river rats (Lair:6)
  A rat (Lair:6)
41 creatures vanquished.

Vanquished Creatures (others)
  A crimson imp (D:13)
  A fungus (Lair:5)
  4 plants (Lair:6)
6 creatures vanquished.

Grand Total: 735 creatures vanquished

Notes
Turn   | Place    | Note
-------+----------+-------------------------------------------
     0 | D:1      | wojtek the Minotaur Fighter began the quest for the Orb.
     0 | D:1      | Reached XP level 1. HP: 19/19 MP: 0/0
     9 | D:1      | Reached skill level 3 in Axes
    62 | D:1      | Reached XP level 2. HP: 23/26 MP: 1/1
   231 | D:1      | Reached skill level 4 in Axes
   338 | D:1      | Reached XP level 3. HP: 29/31 MP: 2/2
   924 | D:2      | Noticed Jessica
   929 | D:2      | Reached skill level 5 in Axes
   940 | D:2      | Killed Jessica
   940 | D:2      | Reached XP level 4. HP: 34/39 MP: 3/3
  1163 | D:2      | Found a glowing silver altar of Zin.
  1200 | D:2      | Found a blossoming altar of Fedhas.
  1443 | D:3      | Reached skill level 6 in Axes
  1474 | D:3      | Noticed Bnni's ghost (amateur SpGl)
  1792 | D:3      | Reached XP level 5. HP: 30/46 MP: 4/4
  2284 | D:3      | Killed Bnni's ghost
  2284 | D:3      | Reached skill level 1 in Dodging
  2552 | D:4      | Reached XP level 6. HP: 38/52 MP: 5/5
  3082 | D:4      | Found a shattered altar of Ashenzari.
  3082 | D:4      | Found a sacrificial altar of Ru.
  3315 | D:5      | Entered Level 5 of the Dungeon
  3828 | D:5      | Reached XP level 7. HP: 50/60 MP: 6/6
  3894 | D:5      | Reached skill level 7 in Axes
  4429 | D:6      | Noticed Ethylacetat's ghost (novice NaFE)
  4439 | D:6      | Reached skill level 5 in Fighting
  4449 | D:6      | Killed Ethylacetat's ghost
  4449 | D:6      | Reached skill level 5 in Armour
  4449 | D:6      | Reached skill level 5 in Shields
  4449 | D:6      | Reached XP level 8. HP: 45/70 MP: 7/7
  4630 | D:6      | Found an ancient bone altar of Kikubaaqudgha.
  4896 | D:6      | Reached skill level 8 in Axes
  4912 | D:6      | Found a staircase to the Ecumenical Temple.
  4921 | Temple   | Entered the Ecumenical Temple
  4963 | Temple   | Became a worshipper of Makhleb the Destroyer
  5021 | D:6      | Reached skill level 1 in Invocations
  5352 | D:6      | Found an iron altar of Okawaru.
  5593 | D:6      | Found a shimmering altar of Xom.
  6055 | D:7      | Reached XP level 9. HP: 74/78 MP: 9/9
  6390 | D:7      | Reached skill level 5 in Dodging
  6394 | D:7      | Reached * piety under Makhleb
  6780 | D:8      | Noticed Gastronok
  6800 | D:8      | Killed Gastronok
  6800 | D:8      | Reached skill level 9 in Axes
  6800 | D:8      | Reached skill level 5 in Invocations
  6800 | D:8      | Reached XP level 10. HP: 24/88 MP: 11/13
  7120 | D:8      | Found a sacrificial altar of Ru.
  7570 | D:8      | Found Mim Alug's General Store.
  7576 | D:8      | Bought a scroll of remove curse for 33 gold pieces
  7591 | D:8      | Reached ** piety under Makhleb
  7839 | D:8      | Found a white marble altar of Elyvilon.
  8169 | D:9      | Found a shadowy altar of Dithmenos.
  8412 | D:9      | Noticed a two-headed ogre
  8421 | D:9      | Killed a two-headed ogre
  8707 | D:10     | Entered Level 10 of the Dungeon
  8831 | D:10     | Noticed Kuinu's ghost (novice MiFi)
  9086 | D:10     | Noticed a two-headed ogre
  9089 | D:10     | Reached skill level 10 in Axes
  9100 | D:10     | Killed a two-headed ogre
  9100 | D:10     | Reached *** piety under Makhleb
  9106 | D:10     | Reached XP level 11. HP: 23/95 MP: 15/15
  9307 | D:10     | Found a staircase to the Lair.
  9339 | Lair:1   | Entered Level 1 of the Lair of Beasts
  9537 | Lair:1   | Noticed a five-headed hydra
  9539 | Lair:1   | Noticed an eight-headed hydra
  9557 | Lair:1   | Killed a five-headed hydra
  9571 | Lair:1   | Killed an eight-headed hydra
  9969 | Lair:1   | Reached skill level 1 in Evocations
 10000 | Lair:1   | Got a dazzling trident
 10394 | Lair:2   | Noticed a seven-headed hydra
 10404 | Lair:2   | Killed a seven-headed hydra
 10736 | Lair:2   | Noticed a five-headed hydra
 10743 | Lair:2   | Killed a five-headed hydra
 10787 | Lair:2   | Noticed an eight-headed hydra
 11708 | D:11     | Found an iron altar of Okawaru.
 11753 | D:11     | Noticed a red ugly thing
 11780 | D:11     | Killed a red ugly thing
 12034 | D:11     | Reached XP level 12. HP: 101/105 MP: 11/17
 12045 | D:11     | Reached skill level 11 in Axes
 12443 | D:12     | Found a staircase to the Orcish Mines.
 12509 | D:12     | Reached **** piety under Makhleb
 13168 | D:12     | Paralysed by a hornet for 1 turns
 13500 | D:12     | Reached skill level 10 in Fighting
 13651 | D:11     | Reached skill level 10 in Armour
 13651 | D:11     | Reached skill level 10 in Shields
 13678 | D:12     | Reached skill level 5 in Evocations
 14179 | D:12     | Got a vibrating amber ring
 14398 | D:13     | Noticed a centaur warrior
 14479 | D:13     | Killed a centaur warrior
 14488 | D:13     | Reached skill level 12 in Axes
 14646 | D:13     | Noticed Ethylacetat's ghost (journeyman NaGl)
 14834 | Lair:2   | Killed an eight-headed hydra
 15226 | Lair:2   | Got a warped lead amulet
 15530 | Lair:3   | Noticed a six-headed hydra
 15543 | Lair:3   | Killed a six-headed hydra
 15558 | Lair:3   | Reached XP level 13. HP: 114/114 MP: 19/19
 15724 | Lair:3   | Identified the ring of Amul {+Inv Str+3 Int-4 Dex-4 SInv} (You found it on level 12 of the Dungeon)
 15725 | Lair:3   | Identified the amulet of Qoaleuh {RegenMP Stlth+} (You found it on level 2 of the Lair of Beasts)
 16000 | Lair:3   | Found a hole to the Spider Nest.
 16306 | Lair:4   | Reached skill level 10 in Invocations
 16571 | Lair:4   | Found a staircase to the Shoals.
 16705 | Lair:4   | Noticed Rupert
 16733 | Lair:4   | Killed Rupert
 18363 | Lair:6   | Entered Level 6 of the Lair of Beasts
 18397 | Lair:6   | Found a viscous altar of Jiyva.
 18397 | Lair:6   | Found a staircase to the Slime Pits.
 18448 | Lair:6   | Reached skill level 13 in Axes
 19297 | Lair:6   | Reached XP level 14. HP: 124/124 MP: 21/21
 19472 | Lair:6   | Identified the cursed +0 trident "Iluded" {flame, rF+} (You found it on level 1 of the Lair of Beasts)
 19680 | Orc:1    | Entered Level 1 of the Orcish Mines
 19685 | Orc:1    | Noticed Erolcha
 19695 | Orc:1    | Killed Erolcha
 19695 | Orc:1    | Reached ***** piety under Makhleb
 19953 | Orc:1    | Reached skill level 10 in Dodging
 20372 | Orc:2    | Entered Level 2 of the Orcish Mines
 20422 | Orc:2    | Found a labyrinth entrance.
 20441 | Lab      | Entered a labyrinth
 21013 | Lab      | Identified Sif Muna's Handbook of Twisted Intoxication
 21013 | Lab      | Identified the Handbook of Ashen Moulding
 21018 | Lab      | Learned a level 1 spell: Apportation
 21021 | Lab      | Learned a level 2 spell: Passwall
 21044 | Lab      | Got a transparent hunting sling
 21057 | Lab      | Learned a level 1 spell: Summon Butterflies
 21064 | Orc:2    | Noticed Shutra's ghost (journeyman MiHu)
 21269 | Orc:2    | Reached skill level 14 in Axes
 21574 | Orc:2    | Killed Shutra's ghost
 21578 | Orc:2    | Identified the +6 hunting sling "Ytocopaq" {flame, *Contam rC+ rN+ Str+3} (You found it in a labyrinth)
 21717 | Orc:2    | Found a staircase to the Elven Halls.
 21804 | Orc:2    | Found Taonaaph's Assorted Antiques.
 21809 | Orc:2    | Found Cybec's Magic Scroll Boutique.
 21828 | Orc:2    | Found Omiris's General Store.
 21861 | Orc:2    | Found Orphees's Gadget Boutique.
 22205 | Orc:2    | Bought a scroll of identify for 28 gold pieces
 22205 | Orc:2    | Bought a scroll of identify for 28 gold pieces
 22621 | D:13     | Killed Ethylacetat's ghost
 22773 | D:13     | Reached XP level 15. HP: 132/132 MP: 23/23
 23578 | D:10     | Killed Kuinu's ghost
 23876 | D:14     | Found a gate to the Vaults.
 24209 | D:14     | HP: 4/132 [meliai/divine providence (11)]
 24359 | D:14     | Found a portal to a secret trove of treasure.
 25096 | D:15     | Entered Level 15 of the Dungeon
 25101 | D:15     | Reached skill level 15 in Axes
 25433 | D:15     | Found a staircase to the Depths.
 25434 | D:15     | Noticed a fire giant
 25584 | Lair:1   | Identified a scroll of acquirement
 25931 | Shoals:1 | Entered Level 1 of the Shoals
 25961 | Shoals:1 | Reached skill level 10 in Evocations
 26359 | Shoals:1 | Killed from afar by a merfolk aquamancer

Skill      XL: |  1  2  3  4  5  6  7  8  9 10 11 12 13 14 15 |
---------------+----------------------------------------------+-----
Axes           | 3 4 5 6 7 8 9 10 12 13 14 15 | 15.5
Fighting       | 4 5 6 7 8 9 10 11 12 | 12.5
Armour         | 4 5 6 7 8 9 10 11 12 | 12.5
Dodging        | 1 2 3 4 6 7 8 9 10 11 | 11.2
Shields        | 4 5 6 7 8 9 10 | 10.6
Invocations    | 2 5 7 8 9 11 12 13 | 13.0
Evocations     | 3 5 7 9 10 | 10.2

Action                   |  1- 3 |  4- 6 |  7- 9 | 10-12 | 13-15 || total
-------------------------+-------+-------+-------+-------+-------++-------
Melee: War axe           |    88 |   172 |   216 |   726 |    52 ||  1254
       Headbutt          |     8 |    22 |    39 |   169 |   248 ||   486
       Unarmed           |       |       |       |     4 |       ||     4
       Executioner's axe |       |       |       |       |   619 ||   619
       Hand axe          |       |       |       |       |   108 ||   108
       Broad axe         |       |       |       |       |   129 ||   129
Invok: Lesser Servant of |       |       |       |    17 |    45 ||    62
       Minor Destruction |       |       |       |     1 |       ||     1
Evoke: Wand              |       |       |       |    29 |    15 ||    44
  Use: Potion            |       |     1 |       |       |     5 ||     6
       Scroll            |       |       |     9 |     9 |    21 ||    39
 Stab: Distracted        |       |       |     1 |       |     3 ||     4
  Eat: Chunk             |       |     7 |     7 |    29 |    27 ||    70
       Ration            |       |     1 |       |     1 |     3 ||     5
Armor: Scale mail        |    34 |    11 |       |       |       ||    45
       Chain mail        |       |    73 |    78 |    30 |       ||   181
       Plate armour      |       |       |       |   251 |   596 ||   847
Dodge: Dodged            |    31 |    46 |    75 |   323 |   618 ||  1093
Block: Shield            |    49 |    90 |   117 |   498 |    88 ||   842
       Large shield      |       |       |       |       |   129 ||   129
